 Dungeon Crawl Stone Soup version 0.24-a0-307-gf989941 (webtiles) character file.

Game seed: 3857522507719132261

11812 Ijustatesigmund the Timeless (level 11, -6/77 HPs)
             Began as an Octopode Fighter on May 13, 2019.
             Was a High Priest of Cheibriados.
             Mangled by a death knight
             ... wielding a +0 great mace
              (32 damage)
             ... on level 11 of the Dungeon.
             The game lasted 00:22:20 (11085 turns).

Ijustatesigmund the Timeless (Octopode Fighter)    Turns: 11085, Time: 00:22:21

Health: -6/77      AC:  7    Str: 29    XL:     11   Next: 83%
Magic:  13/18      EV: 17    Int: 30    God:    Cheibriados [*****.]
Gold:   696        SH: 12    Dex: 27    Spells: 7/10 levels left

rFire    . . .     SeeInvis .   a - +1 morningstar
rCold    + + .     Gourm    .   b - +0 shield
rNeg     . . .     Faith    .   h - +2 hat
rPois    +         Spirit   .   y - amulet of the acrobat
rElec    .         Reflect  .   o - ring of protection from cold
rCorr    .         Harm     .   A - +4 ring of protection
MR       +....                  t - ring of poison resistance
Stlth    ++++......             x - +5 ring of intelligence
HPRegen  0.22/turn              m - ring of protection from magic
MPRegen  0.16/turn              (no ring)
                                (no ring)
                                (no ring)

@: marked, slowed, very slow
A: almost no armour, stealthy swim, amphibious, 8 rings, constrict 8, camouflage
1, clever 1, cold resistance 1, strong 1, gelatinous body 1
a: Bend Time, Temporal Distortion, Slouch, Step From Time, Renounce Religion


You were on level 11 of the Dungeon.
You worshipped Cheibriados.
Cheibriados was extremely pleased with you.
You were not hungry.

You visited 1 branch of the dungeon, and saw 11 of its levels.
You also visited: Sewer.

You collected 696 gold pieces.

Inventory:

Hand Weapons
 a - a +1 morningstar (weapon)
Missiles
 q - 24 boomerangs (quivered)
 r - 8 javelins
 u - 7 silver javelins
Armour
 b - a +0 shield (worn)
 h - a +2 hat (worn)
Jewellery
 m - a ring of protection from magic (on tentacle)
 o - a ring of protection from cold (left tentacle)
 t - a ring of poison resistance (on tentacle)
 w - an uncursed amulet of faith
 x - a +5 ring of intelligence (on tentacle)
 y - an amulet of the acrobat (around mantle)
 A - a +4 ring of protection (right tentacle)
Wands
 e - a wand of paralysis (11)
 j - a wand of disintegration (12)
 k - a wand of clouds (2)
Scrolls
 c - 2 scrolls of remove curse
 s - a scroll of immolation
 v - 5 scrolls of amnesia
 z - a scroll of magic mapping
 B - a scroll of vulnerability {unknown}
Potions
 f - 2 potions of lignification
 g - 2 potions of invisibility
 i - 2 potions of flight
 l - a potion of ambrosia
 n - 2 potions of brilliance
 p - 6 potions of curing
 C - a potion of heal wounds
Comestibles
 d - 25 rations


   Skills:
 - Level 7.9 Fighting
 - Level 8.0 Maces & Flails
 - Level 3.3 Throwing
 - Level 5.6 Dodging
 - Level 4.4 Stealth
 - Level 5.6 Shields
 + Level 6.0 Charms
 + Level 6.0 Ice Magic
 + Level 10.1 Invocations


You had 7 spell levels left.
You knew the following spells:

 Your Spells              Type           Power        Failure   Level  Hunger
a - Ozocubu's Armour      Chrm/Ice       #####...     9%          3    ####...

Your spell library contained the following spells:

 Spells                   Type           Power        Failure   Level  Hunger
 Freeze                   Ice            ####         2%          1    ##.....
 Throw Frost              Conj/Ice       ###...       14%         2    ###....
 Summon Small Mammal      Summ           #...         32%         1    ##.....
 Call Imp                 Summ           #.......     43%         2    ###....
 Call Canine Familiar     Summ           #.......     67%         3    ####...
 Summon Guardian Golem    Hex/Summ       #.......     67%         3    ####...
 Summon Ice Beast         Ice/Summ       ###.....     67%         4    #####..
 Throw Icicle             Conj/Ice       ###.....     67%         4    #####..
 Summon Lightning Spire   Summ/Air       #.......     97%         4    #####..


Dungeon Overview and Level Annotations

Branches:
Dungeon (11/15)            Temple (0/1) D:4            Lair (0/6) D:8
    Orc: D:9-12

Altars:
Ashenzari
Cheibriados
Gozag
Hepliaklqana
Qazlal
Trog
Uskayaw
Vehumet
Xom
Zin

Shops:
D:9 }

Annotations:
D:10 2 transporters, Galewind's ghost, journeyman DEEE
D:11 1 runed translucent door, Yorgos's ghost, journeyman SpSk


Innate Abilities, Weirdness & Mutations

You cannot wear most types of armour.
You are very stealthy in the water. (Stealth+)
You are amphibious.
You can wear up to eight rings at the same time.
You can use your tentacles to constrict eight enemies at once.
Your skin changes colour to match your surroundings (Stealth+).
Your rubbery body absorbs attacks. (AC +1, EV +1)
Your mind is acute. (Int +2)
Your flesh is cold resistant. (rC+)
Your muscles are strong. (Str +2)


Message History

The death knight's dark mirror aura disappears.
The death knight reflects your damage back at you!
You block the death knight's attack. You block the jelly's attack.
The freezing wraith hits you but does no damage. x2
The freezing wraith barely misses you. The freezing wraith hits you!
The freezing wraith drains your vigour!
You feel yourself slow down.
You can feel time thicken for a moment.
You destroy the wraith!
Cheibriados thoroughly appreciates the change of pace.
Your Ice Magic skill increases to level 6!
You kill the jelly!
Cheibriados appreciates the change of pace.
Your Charms skill increases to level 6!
You destroy the centaur skeleton!
Cheibriados thoroughly appreciates the change of pace.
You feel somewhat more hungry.
Cheibriados lowers the support of your attributes as your movement quickens.
You constrict the death knight.
The death knight hits you with a +0 great mace!!
You die...

### #.# #########
##[## #..#.....
#...# #........
##...####........
##...###..WW......
##......#..@.......
#......[#...p......
##...##..........##
#................#
#......##..........
##.).....#..........
#...................
#...................
###.#..............


You could see a death knight and 2 freezing wraiths.

Vanquished Creatures
  Harold (D:10)
  3 two-headed ogres
  A death yak (D:8)
  An elephant (D:8)
  A gargoyle (D:10)
  A troll (D:10)
  Grinder (D:4)
  A hippogriff (D:8)
  Sigmund (D:4)
  2 wraiths
  2 wyverns
  3 hogs (D:8)
  A human (D:8)
  6 yaks
  Eustachio (D:4)
  Menkaure (D:7)
  2 water moccasins (D:11)
  4 orc warriors
  A black bear (D:6)
  3 phantoms
  3 ice beasts
  2 sky beasts
  An eye of draining (D:9)
  A necrophage (D:7)
  2 ogres
  A crocodile (D:8)
  A centaur (D:7)
  3 big kobolds
  Blork the orc (D:4)
  2 bullfrogs
  2 gnoll sergeants
  4 scorpions
  10 killer bees
  4 howler monkeys
  9 wights (D:8)
  A bullfrog zombie (D:5)
  2 quasits
  A bullfrog skeleton (D:11)
  3 orc priests
  4 jellies
  Crazy Yiuf (D:2)
  4 hounds
  8 orc wizards
  2 centaur skeletons
  Ijyb (D:4)
  3 iguanas
  9 worker ants
  A killer bee zombie (D:7)
  A hound zombie (D:9)
  A hound skeleton (D:7)
  A howler monkey zombie (D:5)
  9 gnolls
  8 adders
  2 river rats
  2 shadow imps
  An ooze (D:1)
  2 worms (D:2)
  4 dart slugs
  3 leopard geckos
  25 orcs
  4 giant cockroaches
  9 goblins
  10 hobgoblins
  10 jackals
  25 kobolds
  3 quokkas
  A ball python (D:1)
  8 bats
  6 frilled lizards
  A jackal zombie (D:8)
  11 rats
  A plant (D:4)
271 creatures vanquished.

Vanquished Creatures (others)
  A scorpion (D:10)
  An orc (D:10)
  A fungus (D:8)
3 creatures vanquished.

Grand Total: 274 creatures vanquished

Notes
Turn   | Place    | Note
-------+----------+-------------------------------------------
     0 | D:1      | Ijustatesigmund the Octopode Fighter began the quest for
                  | the Orb.
     0 | D:1      | Reached XP level 1. HP: 16/16 MP: 1/1
    55 | D:1      | Reached XP level 2. HP: 21/21 MP: 2/2
   222 | D:1      | Reached XP level 3. HP: 11/26 MP: 3/3
   696 | D:2      | Found a faded altar of an unknown god.
   756 | D:2      | Found a snail-covered altar of Cheibriados.
   759 | D:2      | Became a worshipper of Cheibriados the Contemplative
  1053 | D:2      | Reached XP level 4. HP: 28/32 MP: 4/4
  1197 | D:2      | Found a runed translucent door.
  1198 | D:2      | Noticed Crazy Yiuf
  1228 | D:2      | Killed Crazy Yiuf
  1228 | D:2      | Reached skill level 1 in Invocations
  1465 | D:2      | Reached * piety under Cheibriados
  1701 | D:3      | Found a glowing drain.
  1713 | Sewer    | Entered a sewer
  1724 | Sewer    | Reached XP level 5. HP: 36/37 MP: 4/6
  1806 | Sewer    | Noticed a big kobold
  1816 | Sewer    | Killed a big kobold
  1816 | Sewer    | Reached skill level 1 in Stealth
  1816 | Sewer    | Reached skill level 2 in Invocations
  2030 | Sewer    | Found a glowing silver altar of Zin.
  2114 | D:3      | Reached ** piety under Cheibriados
  2324 | D:3      | Reached XP level 6. HP: 43/43 MP: 7/7
  2650 | D:4      | Noticed a phantom
  2662 | D:4      | Killed a phantom
  2822 | D:4      | Found an opulent altar of Gozag.
  2831 | D:4      | Reached skill level 3 in Invocations
  2833 | D:4      | Reached XP level 7. HP: 47/49 MP: 9/9
  2911 | D:4      | Reached *** piety under Cheibriados
  2958 | D:4      | Noticed Ijyb
  2964 | D:4      | Killed Ijyb
  3034 | D:4      | Noticed Eustachio
  3043 | D:4      | Killed Eustachio
  3043 | D:4      | Reached skill level 5 in Fighting
  3043 | D:4      | Reached skill level 5 in Maces & Flails
  3066 | D:4      | Noticed Blork the orc
  3073 | D:4      | Killed Blork the orc
  3074 | D:4      | Found a staircase to the Ecumenical Temple.
  3102 | D:4      | Noticed Grinder
  3115 | D:4      | Killed Grinder
  3115 | D:4      | Reached skill level 4 in Invocations
  3115 | D:4      | Reached XP level 8. HP: 41/55 MP: 9/11
  3181 | D:4      | Noticed Sigmund
  3186 | D:4      | Killed Sigmund
  3570 | D:5      | Entered Level 5 of the Dungeon
  4194 | D:5      | Found a hazy altar of Hepliaklqana.
  4377 | D:5      | Reached skill level 5 in Invocations
  4693 | D:6      | Reached XP level 9. HP: 7/62 MP: 12/12
  5022 | D:6      | Reached **** piety under Cheibriados
  5793 | D:6      | Reached skill level 5 in Dodging
  5793 | D:6      | Reached skill level 5 in Shields
  5979 | D:6      | Learned a level 3 spell: Ozocubu's Armour
  6092 | D:7      | Found a stormy altar of Qazlal.
  6159 | D:7      | Reached skill level 6 in Invocations
  6543 | D:7      | Noticed Menkaure
  6550 | D:7      | Killed Menkaure
  6550 | D:7      | Reached skill level 1 in Throwing
  6550 | D:7      | Reached XP level 10. HP: 27/71 MP: 14/14
  6890 | D:8      | Found a glowing silver altar of Zin.
  7102 | D:8      | Reached skill level 7 in Invocations
  7325 | D:8      | Noticed a two-headed ogre
  7332 | D:8      | Killed a two-headed ogre
  7536 | D:8      | Found a staircase to the Lair.
  7536 | D:8      | Noticed a death yak
  7536 | D:8      | Noticed an elephant
  7556 | D:8      | Killed an elephant
  7793 | D:8      | Reached ***** piety under Cheibriados
  7916 | D:8      | Reached skill level 1 in Charms
  7916 | D:8      | Reached skill level 1 in Ice Magic
  7926 | D:8      | Reached skill level 8 in Invocations
  8200 | D:8      | Killed a death yak
  8216 | D:8      | Identified the +3 leather armour "Ybisaav" {rN+ MR+}
  8422 | D:8      | Reached XP level 11. HP: 77/77 MP: 17/17
  8630 | D:8      | Gained mutation: Your mind is acute. (Int +2) [potion of
                  | mutation]
  8630 | D:8      | Gained mutation: Your flesh is cold resistant. (rC+)
                  | [potion of mutation]
  8630 | D:8      | Gained mutation: Your muscles are strong. (Str +2) [potion
                  | of mutation]
  8772 | D:9      | Noticed a two-headed ogre
  8779 | D:9      | Killed a two-headed ogre
  8996 | D:9      | Found a radiant altar of Vehumet.
  9060 | D:9      | Reached skill level 9 in Invocations
  9272 | D:9      | Noticed a two-headed ogre
  9279 | D:9      | Killed a two-headed ogre
  9622 | D:9      | Found a bloodstained altar of Trog.
  9713 | D:9      | Found a shattered altar of Ashenzari.
  9715 | D:9      | Found a shimmering altar of Xom.
  9715 | D:9      | Found a stormy altar of Qazlal.
  9717 | D:9      | Found a snail-covered altar of Cheibriados.
  9717 | D:9      | Found a hide-covered altar of Uskayaw.
  9717 | D:9      | Found a shimmering altar of Xom.
  9750 | D:9      | Found Onoed's Gadget Shop.
  9781 | D:10     | Entered Level 10 of the Dungeon
  9829 | D:10     | Found a transporter.
  9902 | D:10     | Noticed Galewind's ghost (journeyman DEEE)
  9913 | D:10     | Noticed Harold
  9926 | D:10     | Killed Harold
  9926 | D:10     | Reached skill level 5 in Charms
  9926 | D:10     | Reached skill level 5 in Ice Magic
 10435 | D:10     | Found a transporter.
 10597 | D:10     | Got an iridescent rapier
 10598 | D:10     | Identified the +5 rapier "Meivyoq" {drain, rC+ rN+ Int+4
                  | SInv} (You found it on level 10 of the Dungeon)
 10828 | D:11     | Found a runed translucent door.
 10828 | D:11     | Noticed Yorgos's ghost (journeyman SpSk)
 10841 | D:11     | Reached skill level 10 in Invocations
 11076 | D:11     | Noticed a death knight
 11085 | D:11     | Mangled by a death knight

Levels and vault maps discovered:
D:1:      scummos_arrival_hexagon, layout_basic
D:2:      layout_rooms, lemuel_doored_altar, first_ration,
          chequers_ecumenical_altar_simple, uniq_crazy_yiuf_cottage
D:3:      layout_basic, portal_sewer_entry_a, minmay_misc_feat_nine_boxes
D:4:      layout_loops_cross, nicolae_gozag_seed_capital,
          minmay_temple_entry_ruins, serial_forest, infiniplex_forest_lined_3,
          infiniplex_forest_clump_medium, infiniplex_forest_split,
          infiniplex_forest_end_2, infiniplex_forest_end_1,
          infiniplex_forest_clump_cross, infiniplex_forest_clump_tiny,
          nrook_mini_vaults, uniq_grinder, uniq_sigmund, uniq_eustachio,
          uniq_blork_the_orc, uniq_ijyb
D:5:      layout_cave_pools, overflow_temple_1_default,
          minmay_fractal_squares_gapless_5
D:6:      layout_gridville
D:7:      layout_basic, kennysheep_mini_moat, uniq_menkaure
D:8:      layout_gridville, david_lair_generic, basic_altar, grunt_livestock,
          st_stairs_9
D:9:      layout_roguey, lightli_temple_of_fire, lemuel_coloured_pillars_altar,
          serial_shops, shop, doesnt_xom_only_xom
D:10:     layout_basic, gammafunk_ghost_hive, uniq_harold
D:11:     layout_cave_pools, hellmonk_ghost_happy_afterlife

Skill      XL: |  1  2  3  4  5  6  7  8  9 10 11 |
---------------+----------------------------------+-----
Maces & Flails | 3 4 5 6 7 8 |  8.0
Invocations    | 1 2 3 4 5 6 8 10 | 10.1
Fighting       | 4 5 6 7 |  7.9
Stealth        | 2 3 4 |  4.4
Shields        | 4 5 |  5.6
Dodging        | 4 5 |  5.6
Throwing       | 1 3 |  3.3
Charms         | 3 6 |  6.0
Ice Magic      | 3 6 |  6.0

Action                   |  1- 3 |  4- 6 |  7- 9 | 10-12 || total
-------------------------+-------+-------+-------+-------++-------
Melee: Flail             |    79 |    68 |       |       ||   147
       Constrict         |    21 |    33 |    59 |    42 ||   155
       Tentacles         |    18 |    27 |    74 |   104 ||   223
       Morningstar       |       |    28 |   176 |   234 ||   438
Throw: Boomerang         |       |       |     7 |     1 ||     8
 Cast: Ozocubu's Armour  |       |       |       |     2 ||     2
Invok: Slouch            |       |       |       |     3 ||     3
Evoke: Wand              |       |       |     5 |     5 ||    10
  Use: Scroll            |       |     7 |    13 |     6 ||    26
       Potion            |       |     2 |     1 |     8 ||    11
 Stab: Sleeping          |     4 |     6 |    13 |    16 ||    39
       Distracted        |       |       |     1 |     1 ||     2
       Confused          |       |       |       |     1 ||     1
       Invisible         |       |       |       |     4 ||     4
  Eat: Chunk             |       |     3 |     3 |     4 ||    10
       Ration            |       |       |     1 |     1 ||     2
Armor: Skin              |     6 |    14 |    18 |    50 ||    88
Dodge: Dodged            |    37 |    50 |    94 |   241 ||   422
Block: Shield            |    30 |    52 |   117 |   196 ||   395

Table legend:
 A = Non-vault XP
 B = Vault XP
 C = Vault XP percentage of total XP
 D = Non-vault monster count
 E = Vault monster count
 F = Vault count percentage of total count
                 A         B        C        D         E       F
            +---------+---------+-------+---------+---------+-------
      Total |   12105 |    4770 |  28.3 |     237 |      33 |  12.2
            +---------+---------+-------+---------+---------+-------
        D:1 |      47 |       0 |   0.0 |      22 |       0 |   0.0
        D:2 |      60 |      41 |  40.6 |      25 |       1 |   3.8
        D:3 |      71 |      13 |  15.5 |      23 |       1 |   4.2
        D:4 |     682 |     831 |  54.9 |      15 |       5 |  25.0
        D:5 |     291 |      46 |  13.6 |      17 |       1 |   5.6
        D:6 |     940 |       0 |   0.0 |      25 |       0 |   0.0
        D:7 |    1396 |     172 |  11.0 |      27 |       1 |   3.6
        D:8 |    2474 |    2542 |  50.7 |      36 |      10 |  21.7
        D:9 |    2691 |       0 |   0.0 |      16 |       0 |   0.0
       D:10 |    1712 |     997 |  36.8 |      16 |       1 |   5.9
       D:11 |    1741 |       0 |   0.0 |      15 |       0 |   0.0
      Sewer |       0 |     128 | 100.0 |       0 |      13 | 100.0
            +---------+---------+-------+---------+---------+-------
